Map: Acropolis EC

Players

FerouCyril

  • Race: Terran Terran
  • League: Master
  • Spawn Location: 11:00

Grumpy - Winner!

  • Race: Zerg Zerg
  • League: Master
  • Spawn Location: 5:00

VOD

Have the link to the VOD?

Description

Time

  • Played on: Sept. 29, 2019, 2:54 p.m.
  • Length: 13:05
Show
View Real Time Build Order
Export as new Build Order

FerouCyril Terran 

Build Orders: Command Center First (CC), Mech 

Get SALT Encoding   

  12  0:00  SCV  
  13  0:13  SCV  
  14  0:18  Supply Depot  
  14  0:25  SCV  
  15  0:40  SCV  
  16  0:52  SCV  
  17  1:01  Command Center  
  17  1:05  SCV  
  18  1:16  Barracks  
  18  1:19  SCV  
  18  1:24  Refinery  
  19  1:31  SCV  
  20  1:43  SCV  
  21  2:02  Command Center  
  21  2:04  Marine  
  22  2:13  Orbital Command  
  22  2:22  Orbital Command  
  22  2:32  Factory  
  22  2:35  Marine  
  23  2:39  SCV  
  24  2:48  Bunker  
  24  2:49  SCV  
  25  2:53  Marine  
  25  2:56  SCV  
  27  3:00  Refinery  
  27  3:02  SCV  
  28  3:10  Bunker, SCV  
  29  3:14  SCV  
  29  3:17  Factory Tech Lab  
  29  3:19  Starport  
  30  3:23  Orbital Command  
  30  3:30  SCV x2  
  32  3:36  Cyclone  
  32  3:39  Refinery  
  35  3:41  Marine  
  35  3:42  Refinery  
  35  3:44  SCV  
  35  3:46  SCV  
  38  3:49  SCV  
  39  3:57  SCV  
  39  4:02  SCV  
  41  4:03  Starport Tech Lab  
  41  4:12  SCV x2  
  41  4:13  Fusion Core  
  41  4:16  SCV  
  44  4:23  Siege Tank  
  48  4:24  SCV x2  
  48  4:28  SCV  
  50  4:33  Supply Depot  
  50  4:36  SCV x2, Supply Depot  
  52  4:40  SCV  
  53  4:55  SCV x3  
  56  5:01  Battlecruiser  
  56  5:03  Weapon Refit  
  62  5:07  SCV  
  62  5:08  SCV x2  
  62  5:10  Command Center  
  65  5:14  Engineering Bay  
  65  5:19  SCV  
  65  5:20  SCV x2  
  71  5:21  Siege Tank  
  71  5:31  Supply Depot, Engineering Bay  
  71  5:34  SCV x3, Supply Depot  
  74  5:52  Missile Turret  
  74  5:55  Widow Mine  
  75  5:57  Missile Turret  
  75  5:59  Missile Turret  
  72  6:09  SCV, Battlecruiser  
  69  6:15  Missile Turret x2  
  64  6:26  SCV x2  
  60  6:35  SCV  
  52  6:40  SCV  
  52  6:41  SCV  
  52  6:51  Missile Turret  
  52  6:53  SCV x2  
  54  6:59  SCV x2  
  52  7:14  SCV, Orbital Command, Missile Turret  
  53  7:18  Missile Turret  
  53  7:26  Armory  
  53  7:29  Factory, Widow Mine  
  55  7:30  Factory  
  55  7:38  SCV x3  
  58  7:50  SCV x4  
  62  7:56  Factory  
  62  7:57  Factory  
  62  7:58  Battlecruiser  
  62  8:02  SCV x3  
  71  8:07  Hi-Sec Auto Tracking  
  71  8:20  Factory Tech Lab  
  71  8:25  Factory Tech Lab  
  71  8:34  SCV x4  
  71  8:38  Cyclone  
  71  8:39  Mag-Field Accelerator, Cyclone  
  81  8:41  Factory Reactor  
  81  8:46  SCV x2, Terran Vehicle Weapons Level 1  
  84  8:48  SCV  
  84  8:49  Factory Tech Lab  
  84  8:58  SCV x3  
  87  9:05  Orbital Command  
  87  9:07  Orbital Command, Missile Turret  
  87  9:09  Missile Turret  
  87  9:18  SCV  
  87  9:21  Siege Tank x3  
  97  9:27  Command Center  
  82  9:52  SCV x3  
  69  9:58  SCV  
  65  10:04  SCV x2  
  67  10:10  Battlecruiser  
  67  10:11  Hellion x6  
  82  10:24  Orbital Command  
  82  10:28  Missile Turret  
  82  10:33  Hellion x2  
  86  10:47  Command Center  
  86  10:50  SCV x3  
  86  10:51  Refinery  
  86  10:53  Hellion  
  90  11:02  SCV x2  
  92  11:12  Refinery  
  92  11:16  Bunker  
  92  11:21  Missile Turret  
  92  11:23  SCV  
  93  11:28  Cyclone x2, SCV, Supply Depot  
  93  11:30  Hellion  
  100  11:45  Hellion x2  
  100  11:48  Hellion  
  100  11:51  Hellion  
  100  11:54  Missile Turret  
  100  11:55  Missile Turret  
  100  11:58  Missile Turret  
  100  12:00  Hellion x2  
  100  12:06  Hellion  
  100  12:07  Siege Tank  
  105  12:09  Siege Tank  
  105  12:12  SCV x3, Hellion  
  113  12:16  Orbital Command  
  113  12:21  Hellion  
  121  12:24  SCV x2  
  121  12:28  SCV  
  130  12:37  Sensor Tower  
  130  12:48  Sensor Tower  
Show
View Real Time Build Order
Export as new Build Order

Grumpy Zerg - Winner!

Build Orders: Hatch First, Muta Ling Bane 

Get SALT Encoding   

  12  0:02  Drone  
  13  0:13  Overlord  
  13  0:17  Drone  
  14  0:32  Drone x2  
  16  0:35  Drone  
  17  0:52  Hatchery  
  17  0:56  Drone  
  17  0:58  Drone  
  18  1:10  Extractor  
  17  1:14  Spawning Pool  
  17  1:17  Drone  
  17  1:20  Drone  
  18  1:29  Drone  
  19  1:40  Overlord  
  19  2:00  Queen  
  22  2:01  Zergling x2  
  22  2:03  Zergling x2  
  22  2:04  Queen  
  22  2:05  Drone  
  26  2:10  Metabolic Boost  
  26  2:13  Drone  
  27  2:20  Drone  
  28  2:26  Extractor  
  28  2:28  Extractor  
  26  2:30  Drone x2  
  28  2:40  Drone x2  
  30  2:48  Drone x2  
  32  2:55  Drone  
  32  2:57  Lair  
  33  3:02  Drone  
  33  3:03  Extractor  
  33  3:10  Overlord  
  33  3:11  Overlord  
  33  3:13  Drone x3  
  36  3:31  Drone  
  36  3:32  Drone x5  
  42  3:43  Drone x4  
  46  3:54  Spire  
  45  3:57  Drone  
  45  4:00  Drone x2  
  48  4:11  Overlord  
  48  4:17  Drone x2  
  50  4:39  Hatchery  
  50  4:41  Overlord  
  49  5:05  Mutalisk x2  
  49  5:06  Mutalisk x7  
  65  5:10  Overlord x2  
  67  5:28  Mutalisk x3  
  67  5:29  Mutalisk  
  75  5:41  Mutalisk  
  77  5:44  Zergling x10  
  82  6:06  Mutalisk  
  82  6:07  Mutalisk x2  
  88  6:14  Mutalisk  
  88  6:25  Mutalisk  
  82  6:33  Mutalisk  
  80  6:46  Drone  
  80  6:47  Drone x8  
  79  6:48  Queen  
  87  7:07  Mutalisk x3  
  87  7:08  Extractor  
  90  7:09  Extractor  
  89  7:24  Drone  
  89  7:25  Overlord x4  
  89  7:29  Zerg Flyer Weapons Level 1  
  88  7:44  Corruptor x3  
  88  7:48  Hatchery  
  91  7:59  Corruptor  
  91  8:00  Corruptor  
  91  8:04  Zergling x18  
  91  8:05  Zergling x6  
  107  8:16  Drone x3  
  107  8:17  Baneling Nest  
  101  8:35  Corruptor  
  101  8:36  Corruptor x4  
  101  8:40  Drone  
  101  8:41  Drone x2  
  114  8:42  Overlord x3  
  114  8:58  Overlord x5  
  114  9:00  Centrifical Hooks  
  114  9:02  Queen  
  116  9:03  Drone x8  
  116  9:06  Mutalisk  
  126  9:25  Corruptor x6  
  116  9:51  Corruptor x4  
  115  9:53  Drone x4  
  115  9:54  Drone x7  
  115  9:55  Drone  
  125  10:10  Mutalisk x3  
  125  10:11  Extractor  
  130  10:17  Extractor  
  122  10:41  Zerg Flyer Weapons Level 2  
  122  10:56  Hatchery  
  118  10:57  Evolution Chamber x2  
  118  10:58  Mutalisk x7  
  118  11:01  Zergling x2  
  118  11:02  Zergling x30  
  145  11:04  Hatchery  
  144  11:16  Baneling  
  144  11:17  Baneling x3  
  140  11:49  Mutalisk  
  140  11:50  Mutalisk x6  
  140  11:51  Zergling x10  
  140  11:52  Zergling x16  
  167  12:07  Infestation Pit  
  166  12:19  Baneling x8  
  166  12:23  Baneling x12  
  166  12:24  Baneling x2  
  166  12:26  Zergling x26  
  166  12:27  Zergling x10  
  184  12:40  Drone x3  
  184  12:41  Drone  
  184  12:42  Overlord x6  
Tags
 
Add a new tag
Caveats
  • Supply blocks, unpowered buildings, or Contaminate may cause inaccurate times.
  • Supply counts are checked every 10 seconds.